 Dungeon Crawl Stone Soup version 0.30-b1-2-g02819fbbbe (webtiles) character file.

Game seed: 4287766169030597071

26 sanka the Ducker (level 3, 0/28 HPs)
             Began as a Merfolk Hexslinger on May 9, 2023.
             Slain by an adder (2 damage)
             ... on level 2 of the Dungeon.
             The game lasted 00:00:59 (646 turns).

sanka the Ducker (Merfolk Hexslinger)                Turns: 646, Time: 00:01:00

Health: 0/28       AC:  2    Str: 10    XL:     3   Next: 8%
Magic:  4/4        EV: 13    Int: 12    God:
Gold:   56         SH:  0    Dex: 16    Spells: 3/4 levels left

rFire   . . .        f - +0 battleaxe
rCold   . . .        (shield currently unavailable)
rNeg    . . .        c - +0 robe
rPois   .            (no helmet)
rElec   .            (no cloak)
rCorr   .            (no gloves)
SInv    .            (no boots)
Will    .....        (no amulet)
Stlth   +            (no ring)
HPRegen 0.24/turn    (no ring)
MPRegen 0.09/turn

%: no passive effects
@: lethally poisoned (0 -> -1)
A: (nimble swimmer 2), mertail
a: no special abilities


You were on level 2 of the Dungeon.
You visited 1 branch of the dungeon, and saw 2 of its levels.

You collected 56 gold pieces.

Inventory:

Hand Weapons
 a - a +1 sling
 f - a +0 battleaxe (weapon)
Armour
 c - a +0 robe (worn)
Jewellery
 l - a ring of protection from fire
Scrolls
 b - 2 scrolls of poison {!r}
 d - 2 scrolls of identify {unknown}
 g - a scroll of enchant weapon {unknown}
 j - a scroll of blinking {unknown}
 k - 3 scrolls of enchant armour {unknown}
Potions
 e - a potion of attraction {unknown}
 h - 2 potions of brilliance {unknown}
 i - a potion of curing {unknown}
 m - a potion of haste {unknown}


   Skills:
 + Level 2.3 Fighting
 - Level 1.5 Ranged Weapons
 + Level 3.8 Dodging
 - Level 1.0 Spellcasting
 - Level 3.0 Hexes


You had 3 spell levels left.
You knew the following spells:

 Your Spells              Type           Power      Damage    Failure   Level
a - Slow                  Hex            28%        N/A       9%          1

Your spell library contained the following spells:

 Spells                   Type           Power      Damage    Failure   Level
 Inner Flame              Hex/Fire       4%         N/A       43%         3
 Portal Projectile        Hex/Tloc       8%         N/A       43%         3
 Cause Fear               Hex            3%         N/A       65%         4


Dungeon Overview and Level Annotations

Branches:
Dungeon (2/15)

Altars:


Innate Abilities, Weirdness & Mutations

((You are very nimble when in or above water. (Stealth+, EV+, Speed+++)))
Your lower body shifts to a powerful aquatic tail in water.


Message History

You are too injured to fight recklessly!
You are too injured to fight recklessly!
You are too injured to fight recklessly!
You are too injured to fight recklessly!
You are too injured to fight recklessly!
You are too injured to fight recklessly!
You are too injured to fight recklessly!
You are too injured to fight recklessly!
You are too injured to fight recklessly!
You are too injured to fight recklessly!
You are too injured to fight recklessly!
You are too injured to fight recklessly!
You are too injured to fight recklessly!
You are too injured to fight recklessly!
You are too injured to fight recklessly!
Unknown command.
You slash the adder!
The adder is severely wounded.
You feel sick. The adder misses you. The adder bites you.
Unknown command.
You barely miss the adder.
The adder is severely wounded.
You feel sick. The adder bites you.
* * * LOW HITPOINT WARNING * * *
The adder bites you but does no damage.
Unknown command.
You hit the adder.
The adder is severely wounded.
You feel sick.
You are no longer poisoned.
The adder barely misses you. The adder bites you but does no damage.
The adder bites you.
* * * LOW HITPOINT WARNING * * *
You are poisoned.
The adder poisons you!
You barely miss the adder.
The adder is severely wounded.
* * * LOW HITPOINT WARNING * * *
You feel sick. The adder closely misses you. The adder bites you.
You die...

....#.#
########.#
#.#.#.#
#........#
..#.#.#
#†########
###.#.# #..#
..#.#.# #..#
#.#.#.#
##.#######
..#.#.#
#.........
..#.#.#
#..######.###
....#.#
#.....@S....#
....#.#
#...#####.#.#
....#.###
#....
........#
######
........#
........#
........#
........#
...######


You could see an adder.

Vanquished Creatures
  A dart slug (D:2)
  4 bats (D:1)
  2 endoplasms
  3 giant cockroaches
  A hobgoblin (D:1)
  2 quokkas
  3 ball pythons (D:1)
  2 goblins
  4 rats
22 creatures vanquished.

Notes
Turn   | Place    | Note
-------+----------+-------------------------------------------
     0 | D:1      | sanka the Merfolk Hexslinger began the quest for the Orb.
     0 | D:1      | Reached XP level 1. HP: 15/15 MP: 2/2
   128 | D:1      | Reached XP level 2. HP: 12/22 MP: 3/3
   582 | D:2      | Reached XP level 3. HP: 27/27 MP: 4/4
   646 | D:2      | Slain by an adder

Illustrated notes

Levels and vault maps discovered:
D:1:      dpeg_arrival_rhombus, layout_rooms
D:2:      layout_basic, bh_walls_and_bars

Skill      XL: |  1  2 |
---------------+-------+-----
Dodging        | 3 |  3.8
Fighting       | 2 |  2.3
Ranged Weapons | |  1.5
Spellcasting   | |  1.0
Hexes          | |  3.0

Action                     || total
---------------------------++-------
  Melee: Battleaxe         ||    63
   Fire: Sling             ||     8
   Stab: Sleeping          ||     1
 Armour: Robe              ||    20
  Dodge: Dodged            ||    87
